Map: Pillars of Gold LE

Players

Vanya

  • Race: Zerg Zerg
  • League: Master
  • Spawn Location: 7:00

LiquidMaNa (MaNa) - Winner!

  • Race: Protoss Protoss
  • League: Grandmaster
  • Spawn Location: 1:00

Event: DreamHack SC2 Masters 2020 Summer Europe

VOD

Have the link to the VOD?

Description

Time

  • Played on: July 10, 2020, 10:01 a.m.
  • Length: 8:50

All games in this series

Show
View Real Time Build Order
Export as new Build Order

Vanya Zerg 

Build Orders: Hatch First 

Get SALT Encoding   

  12  0:00  Drone  
  13  0:13  Overlord  
  13  0:17  Drone  
  14  0:31  Drone x2  
  16  0:45  Drone  
  17  0:53  Hatchery  
  17  0:56  Drone  
  17  1:00  Drone  
  18  1:10  Extractor  
  17  1:15  Spawning Pool  
  16  1:18  Drone  
  16  1:22  Drone  
  18  1:31  Drone  
  19  1:46  Hatchery  
  18  1:49  Drone  
  18  1:54  Drone  
  20  2:03  Queen  
  22  2:13  Queen  
  24  2:17  Zergling x2  
  24  2:19  Zergling x2  
  26  2:25  Overlord  
  27  2:30  Drone  
  27  2:32  Drone  
  28  2:45  Drone x2  
  28  2:47  Drone x2  
  32  2:52  Queen  
  32  2:56  Metabolic Boost  
  34  3:05  Overlord  
  34  3:08  Drone x2  
  34  3:11  Drone x2  
  38  3:16  Drone x2  
  40  3:27  Drone  
  40  3:28  Drone x4  
  43  3:37  Drone x4  
  47  3:46  Drone x3  
  50  3:51  Overlord  
  50  3:55  Roach Warren  
  50  4:00  Drone  
  50  4:02  Spine Crawler  
  50  4:07  Overlord  
  50  4:09  Drone  
  50  4:11  Zergling x8  
  50  4:13  Spore Crawler  
  50  4:14  Drone  
  50  4:15  Spore Crawler  
  53  4:17  Zergling x6  
  56  4:25  Overlord  
  56  4:29  Drone, Spore Crawler  
  56  4:30  Drone  
  57  4:36  Roach x4  
  57  4:37  Overlord  
  65  4:38  Zergling x2  
  68  4:45  Roach  
  68  4:46  Roach x2  
  72  4:55  Spore Crawler  
  65  5:03  Zergling x12  
  66  5:09  Drone x5  
  66  5:18  Drone x2  
  65  5:24  Lair  
  65  5:27  Drone  
  60  5:31  Drone x3  
  60  5:33  Extractor x2  
  60  5:40  Roach x3  
  66  5:48  Zergling x2  
  66  5:49  Zergling x10  
  73  5:57  Extractor  
  72  6:07  Overlord  
  72  6:10  Drone x6  
  72  6:11  Drone  
  79  6:15  Overlord  
  79  6:17  Drone x3  
  82  6:21  Extractor  
  82  6:22  Extractor  
  82  6:23  Glial Reconstitution  
  82  6:24  Overlord  
  82  6:25  Drone x2  
  82  6:27  Drone  
  82  6:31  Drone x3  
  87  6:32  Drone  
  87  6:38  Queen  
  86  6:40  Drone  
  86  6:41  Drone  
  92  6:47  Roach x2  
  92  6:58  Roach x5  
  102  7:03  Roach Warren  
  102  7:05  Overlord  
  102  7:07  Roach  
  103  7:10  Overlord  
  103  7:11  Ravager x2  
  103  7:12  Ravager  
  103  7:15  Overlord x2  
  106  7:19  Overlord  
  106  7:23  Overlord  
  106  7:28  Overlord  
  107  7:30  Roach  
  107  7:31  Roach x2  
  107  7:32  Overlord  
  107  7:33  Ravager  
  107  7:35  Roach x2  
  118  7:40  Roach x3  
  118  7:41  Ravager  
  118  7:42  Ravager  
  118  7:43  Roach  
  128  7:45  Roach  
  128  7:50  Overseer  
  129  7:54  Zergling x12  
  132  8:02  Zergling x10  
  137  8:09  Ravager x2  
  137  8:10  Ravager  
  137  8:12  Zergling x4  
  142  8:13  Zergling x4  
  142  8:21  Roach x4  
Show
View Real Time Build Order
Export as new Build Order

LiquidMaNa Protoss - Winner!

Build Orders: 1 Gate Expand, Archon Immortal, Mass Adepts, Archon Drop 

Get SALT Encoding   

  12  0:00  Probe  
  13  0:13  Probe  
  14  0:20  Pylon  
  14  0:25  Probe  
  15  0:34  Probe  
  15  0:42  Probe  
  16  0:46  Gateway  
  17  0:52  Probe  
  17  0:56  Assimilator  
  18  1:04  Probe  
  19  1:16  Probe  
  20  1:32  Nexus  
  21  1:39  Cybernetics Core  
  20  1:41  Probe  
  21  1:48  Assimilator  
  21  1:53  Probe  
  22  1:58  Pylon  
  22  2:05  Probe  
  22  2:06  Adept  
  23  2:17  Warp Gate  
  23  2:18  Probe  
  26  2:27  Stalker  
  26  2:30  Probe  
  29  2:37  Twilight Council  
  29  2:42  Probe  
  30  2:44  Probe  
  31  2:53  Robotics Facility  
  31  2:54  Probe  
  31  2:57  Resonating Glaives  
  32  2:59  Probe  
  33  3:08  Probe  
  33  3:10  Gateway  
  34  3:21  Adept  
  34  3:24  Probe  
  38  3:33  Warp Prism  
  38  3:38  Gateway x2  
  35  3:45  Probe  
  35  3:47  Probe  
  39  3:51  Pylon  
  39  3:57  Probe  
  39  3:59  Probe  
  41  4:06  Adept  
  41  4:07  Adept  
  41  4:09  Probe  
  46  4:13  Dark Shrine  
  47  4:19  Assimilator  
  47  4:22  Pylon  
  46  4:32  Adept x3  
  46  4:33  Adept  
  54  4:40  Probe x2  
  56  4:52  Probe  
  57  4:56  Adept x2  
  55  5:00  Adept x4  
  55  5:01  Probe  
  55  5:04  Probe  
  55  5:05  Pylon  
  61  5:13  Probe  
  60  5:17  Immortal  
  58  5:22  Pylon  
  52  5:28  Probe  
  52  5:29  Probe  
  52  5:35  Assimilator  
  52  5:45  Dark Templar x2  
  52  5:46  Dark Templar  
  58  5:55  Nexus  
  58  6:03  Dark Templar  
  60  6:04  Probe  
  61  6:11  Pylon  
  61  6:14  Immortal  
  61  6:16  Archon  
  61  6:18  Archon, Probe x2  
  67  6:23  Forge  
  67  6:29  Adept  
  67  6:30  Adept, Probe x2  
  73  6:40  Protoss Ground Weapons Level 1  
  73  6:41  Adept  
  73  6:42  Charge, Probe x2  
  73  6:43  Adept  
  73  6:45  Shield Battery  
  79  6:54  Immortal  
  83  7:02  Pylon  
  83  7:04  Probe  
  84  7:15  Adept x4  
  88  7:16  Probe  
  88  7:19  Probe  
  94  7:28  Probe x2  
  96  7:30  Assimilator  
  96  7:35  Robotics Bay  
  96  7:36  Immortal  
  100  7:38  Probe  
  101  7:44  Sentry x2  
  101  7:46  Assimilator  
  105  7:58  Shield Battery  
  105  8:00  Dark Templar, Shield Battery  
  105  8:02  Shield Battery  
  105  8:03  Photon Cannon  
  107  8:06  Dark Templar  
  107  8:10  Archon  
  107  8:12  Shield Battery  
  109  8:19  Photon Cannon  
  107  8:28  Zealot  
  100  8:45  Stalker x3  
Tags
 
Add a new tag
Caveats
  • Supply blocks, unpowered buildings, or Contaminate may cause inaccurate times.
  • Supply counts are checked every 10 seconds.